 Dungeon Crawl Stone Soup version 0.20.0-7-g3b7b877 (webtiles) character file.

372054 Hailrake the Slayer (level 21, -1/209 HPs)
             Began as a Minotaur Berserker on May 29, 2017.
             Was a High Priest of Trog.
             Slain by a sphinx (2 damage)
             ... while paralysed by a sphinx
             ... on level 4 of the Vaults.
             The game lasted 03:04:01 (45730 turns).

Hailrake the Slayer (Minotaur Berserker)           Turns: 45730, Time: 03:04:02

Health: -1/209     AC: 16    Str: 27    XL:     21   Next: 71%
Magic:  0/6        EV:  2    Int:  6    God:    Trog [*****.]
Gold:   256        SH:  0    Dex: 19    Spells: 20/20 levels left

rFire    + + .     SeeInvis .   T - +4 demon whip (antimagic)
rCold    + + .     Gourm    .   G - +5 large shield
rNeg     . . .     Faith    .   l - +9 scales of the Dragon King {rPois rF+ rC+ MR+}
rPois    +         Spirit   +   (helmet restricted)
rElec    .         Reflect  .   o - +1 cloak
rCorr    .         Harm     .   q - +0 pair of gloves
MR       ++...                  R - +0 pair of boots of Cloud Cover {rPois Int+2}
Stlth    ..........             H - amulet of guardian spirit
Regen    0.5/turn               r - +5 ring of evasion
MPRegen  0.1/turn               u - ring "Waqa" {rPois rF+ rC+ Dex+4}

@: paralysed, corroded, slowed
A: retaliatory headbutt, horns 2
}: 2/15 runes: serpentine, barnacled
a: Berserk, Trog's Hand, Brothers in Arms, Burn Spellbooks, Renounce Religion


You were on level 4 of the Vaults.
You worshipped Trog.
Trog was extremely pleased with you.
You were very full.

You visited 7 branches of the dungeon, and saw 37 of its levels.
You visited 1 bazaar.

You collected 3934 gold pieces.
You spent 3678 gold pieces at shops.

Inventory:

Hand Weapons
 j - a +3 eveningstar of holy wrath
 O - the +10 flail of the Wilderness {crush, rElec}
   (Trog gifted it to you on level 1 of the Vaults)

   It inflicts extra damage upon your enemies.
   It insulates you from electricity.
 T - a +4 antimagic demon whip (weapon)
Armour
 l - the +9 scales of the Dragon King (worn) {rPois rF+ rC+ MR+}
   (You found it on level 10 of the Dungeon)

   It protects you from fire.
   It protects you from cold.
   It protects you from poison.
   It affects your resistance to hostile enchantments.
 m - +0 ice dragon scales
 o - a +1 cloak (worn)
 q - a +0 pair of gloves (worn)
 y - +3 fire dragon scales
 G - a +5 large shield (worn)
 R - the +0 pair of boots of Cloud Cover (worn) {rPois Int+2}
   (You bought it in a shop on level 3 of the Snake Pit)

   It affects your intelligence (+2).
   It protects you from poison.
 U - +0 acid dragon scales
 Y - the +7 plate armour of Huyzufri {Str+3}
   (You bought it in a shop on level 2 of the Vaults)

   It affects your strength (+3).
Jewellery
 i - an uncursed ring of protection from cold
 r - a +5 ring of evasion (left hand)
 u - the ring "Waqa" (right hand) {rPois rF+ rC+ Dex+4}
   (You found it on level 4 of the Snake Pit)

   [ring of poison resistance]

   It affects your dexterity (+4).
   It protects you from fire.
   It protects you from cold.
   It protects you from poison.
 H - an amulet of guardian spirit (around neck)
 J - an uncursed ring of ice
 N - an uncursed ring of fire
 P - the ring of Nuhoi {rC+ AC+1}
   (You took it off an ogre mage on level 1 of the Vaults)

   [ring of protection]

   It affects your AC (+1).
   It protects you from cold.
Wands
 a - a wand of random effects (25/48)
 X - a wand of digging (11/24)
Scrolls
 b - 4 scrolls of magic mapping
 c - 4 scrolls of summoning
 g - a scroll of holy word {unknown}
 h - 14 scrolls of recharging
 n - 21 scrolls of remove curse
 t - 3 scrolls of teleportation
 z - 3 scrolls of identify
 B - 9 scrolls of fog
 I - 10 scrolls of blinking
 K - 2 scrolls of silence
Potions
 e - 2 potions of resistance
 f - 8 potions of flight
 s - 2 potions of might
 w - 2 potions of invisibility
 D - 4 potions of haste
 E - 3 potions of agility
 M - a potion of ambrosia
 Q - a potion of berserk rage
Comestibles
 v - 8 meat rations
 S - 3 bread rations


   Skills:
 + Level 22.3 Fighting
 + Level 22.1 Maces & Flails
 + Level 22.3 Armour
 - Level 2.3 Dodging
 + Level 22.1 Shields


You had 20 spell levels left.
You didn't know any spells.

Dungeon Overview and Level Annotations

Branches:
Dungeon (15/15)            Temple (0/1) D:7            Lair (6/6) D:10
 Shoals (4/4) Lair:4        Snake (4/4) Lair:3        Slime (0/5) Lair:6
    Orc (2/2) D:11            Elf (1/3) Orc:2        Vaults (5/5) D:13
  Crypt (0/3) Vaults:2     Depths (0/5) D:15

Altars:
Ashenzari
Elyvilon
Fedhas
Gozag
Hepliaklqana
Kikubaaqudgha
Nemelex Xobeh
Qazlal
Ru
Sif Muna
Trog
Uskayaw
Vehumet
Xom
Yredelemnul

Shops:
D:4 %   D:12 %   Orc:2 *?([   Shoals:1 =   Shoals:2 (   Snake:2 [=[   Snake:3 [
Vaults:2 [   Vaults:3 :   Vaults:4 }

Annotations:
D:11 Sonja
D:14 exclusion: obsidian statue
Lair:1 exclusion: oklob plant
Shoals:2 Donald


Innate Abilities, Weirdness & Mutations

You reflexively headbutt those who attack you in melee.
You have a pair of horns on your head.


Message History

* * * LOW HITPOINT WARNING * * *
The tengu reaver claws you.
* * * LOW HITPOINT WARNING * * *
The sphinx hits you but does no damage. The sphinx hits you.
* * * LOW HITPOINT WARNING * * *
The sphinx hits you.
* * * LOW HITPOINT WARNING * * *
The fire giant hits you with a great sword of flaming.
* * * LOW HITPOINT WARNING * * *
The entropy weaver hits you.
* * * LOW HITPOINT WARNING * * *
The entropy weaver hits you.
* * * LOW HITPOINT WARNING * * *
The entropy weaver hits you.
* * * LOW HITPOINT WARNING * * *
The entropy weaver hits you but does no damage.
The sphinx hits you!
* * * LOW HITPOINT WARNING * * *
The sphinx hits you.
You die...

....# #...#...#...#.......#
....# #.#.#.#.#.#.'.......#
..[.# #...')..#...'.......#
....# #####.#.###'#.......#
....# #....(....[.#.......#
##### #.#.#.#.#.#.'.......#
..# #....(...)..#########
..# #####(#C##### ..#
#...[CQ@ac..# ..#
#.#.#*#H#.#.# ..#
#...#...#...# ..#
##########''########## ..#
##########........#......#
..#
##.#.#.'.##........#......#
..#
#..#.#.#..#........#......#
..#
###'.#.####........#......#
..#
#....'....#........#......#


You could see a fire giant, a sphinx, a stone giant, a tengu reaver, a yaktaur
captain, an entropy weaver and a battlesphere.

Vanquished Creatures
  Bai Suzhen (Shoals:4)
  Margery (Vaults:3)
  A titan (Vaults:5)
  A kraken (Shoals:4)
  Rupert (D:13)
  Frances (Shoals:2)
  2 tengu reavers
  A shadow dragon (Vaults:5)
  11 nagarajas (Snake:4)
  Aizul (Snake:3)
  Louise (Shoals:1)
  17 vault wardens
  A deep elf sorcerer (Vaults:4)
  2 frost giants
  14 ironheart preservers
  A very ugly thing (D:13)
  A ghoul (Vaults:4)
  A vampire knight (Vaults:2)
  2 entropy weavers
  3 stone giants
  A deep elf demonologist (Vaults:4)
  A dire elephant (D:15)
  A deep elf annihilator (Vaults:1)
  Snorg (Lair:4)
  An eidolon (Vaults:2)
  4 deep elf death magi
  2 merfolk javelineers (Shoals:4)
  4 ettins
  A crystal guardian (Vaults:2)
  8 yaktaur captains
  2 rakshasas (Vaults:2)
  6 merfolk impalers
  Fannar (Lair:3)
  13 ogre magi
  5 hydras
  3 great orbs of eyes
  Harold (Lair:4)
  32 vault guards
  5 ice dragons
  10 centaur warriors
  4 catoblepae
  9 naga warriors
  An ice dragon (shapeshifter) (Vaults:2)
  A merfolk avatar (Shoals:4)
  25 anacondas
  5 merfolk aquamancers
  2 alligator snapping turtles (Shoals:4)
  Erica (D:10)
  A satyr (shapeshifter) (Vaults:4)
  38 two-headed ogres
  2 satyrs
  28 death yaks
  2 death knights
  2 deep troll shamans (Vaults:4)
  10 shock serpents
  12 naga sharpshooters
  20 slime creatures
  Nergalle (D:10)
  A deep elf knight (Vaults:1)
  11 skeletal warriors
  6 hell knights
  2 salamander mystics
  2 glowing orange brains
  9 sea snakes
  4 wizards
  6 naga ritualists
  An unseen horror (D:15)
  8 deep trolls (Vaults:4)
  The ghost of mopl the Arsonist, a novice DEFE of Vehumet (D:9)
  A phantasmal warrior (Vaults:1)
  3 flayed ghosts
  3 deep elf archers
  16 ironbrand convokers
  23 harpies
  42 ugly things
  14 mana vipers
  4 necromancers
  20 orc knights
  3 wolf spiders
  An oklob plant (Lair:1)
  A mana viper (shapeshifter) (Vaults:2)
  A cyclops (shapeshifter) (Vaults:1)
  3 orc sorcerers
  8 deep elf magi
  9 cyclopes
  21 fauns
  11 salamanders
  13 manticores
  8 elephants (Lair:6)
  Joseph (D:9)
  A water nymph (shapeshifter) (Vaults:1)
  46 black mambas
  7 guardian serpents
  12 merfolk sirens
  An eye of devastation (Vaults:1)
  12 spiny frogs
  9 vault sentinels
  7 water nymphs
  15 naga magi
  3 gargoyles
  3 centaur skeletons
  2 kobold demonologists
  5 rime drakes (Lair:2)
  A yaktaur (shapeshifter) (Vaults:1)
  5 freezing wraiths
  4 komodo dragons
  26 yaktaurs
  A troll (shapeshifter) (Vaults:1)
  A jumping spider (Vaults:2)
  28 merfolk
  A jumping spider (shapeshifter) (Vaults:1)
  3 polar bears
  A hornet (shapeshifter) (Vaults:1)
  7 snapping turtles
  4 wind drakes
  12 trolls
  Grinder (D:5)
  2 hornets
  A fire giant simulacrum (Vaults:2)
  11 hippogriffs
  A frost giant simulacrum (Vaults:2)
  A raiju (shapeshifter) (Vaults:1)
  A shadow (D:13)
  A small abomination (Vaults:4)
  A tarantella (Vaults:4)
  A spriggan (D:7)
  An air elemental (Elf:1)
  3 wyverns
  A yak (shapeshifter) (Vaults:1)
  6 water elementals
  9 wraiths
  A human (shapeshifter) (Vaults:2)
  5 redbacks
  4 fire bats (D:10)
  29 yaks
  2 hungry ghosts
  Grum (D:9)
  8 steam dragons
  5 basilisks
  A human simulacrum (Vaults:1)
  A swamp worm (shapeshifter) (Vaults:1)
  Menkaure (D:5)
  3 soldier ants
  5 swamp worms (Lair:3)
  7 wargs
  3 acid dragons
  41 nagas
  A soldier ant (shapeshifter) (Vaults:2)
  13 water moccasins
  38 orc warriors
  5 porcupines
  A hornet zombie (D:15)
  2 sky beasts
  An ettin simulacrum (Vaults:2)
  4 black bears
  48 ogres
  An eye of draining (shapeshifter) (Vaults:2)
  2 ice beasts
  22 centaurs
  3 phantoms
  A boggart (Vaults:2)
  16 wolves
  10 crocodiles
  7 big kobolds
  A gnoll sergeant (D:12)
  17 bullfrogs
  6 jellies
  5 scorpions
  A water moccasin skeleton (D:7)
  14 wights
  18 killer bees
  5 howler monkeys
  6 crimson imps
  A quasit (D:7)
  3 bullfrog zombies
  4 hounds
  3 centaur zombies
  24 orc priests
  3 bullfrog skeletons
  4 iguanas
  Terence (D:3)
  25 orc wizards
  8 worker ants
  Ijyb (D:4)
  16 adders
  8 gnolls
  A howler monkey skeleton (D:7)
  6 shadow imps
  3 oozes (Lair:6)
  An adder zombie (D:9)
  15 worms
  2 dart slugs
  5 leopard geckos
  119 orcs
  13 bats
  8 giant cockroaches
  11 goblins
  12 hobgoblins
  5 jackals
  A quokka (D:2)
  4 ball pythons
  A frilled lizard (D:1)
  34 kobolds
  12 rats
  A crawling corpse (Vaults:4)
  2 plants
  2 tentacles (Shoals:4)
1569 creatures vanquished.

Vanquished Creatures (collateral kills)
  Jorgrun (Shoals:4)
  A storm dragon (Vaults:5)
  A nagaraja (Snake:4)
  Ilsuiw (Shoals:4)
  An ironheart preserver (Vaults:5)
  Nessos (Lair:5)
  2 merfolk impalers (Shoals:4)
  A yaktaur captain (Vaults:5)
  An ice dragon (Vaults:1)
  3 vault guards (Vaults:5)
  3 anacondas (Snake:4)
  A deep troll shaman (Lair:6)
  The ghost of DogShitOnMyToe the Devastator, a journeyman DEWz of Vehumet (Orc:1)
  A shock serpent (Snake:1)
  A sea snake (Shoals:4)
  A lindwurm (Lair:6)
  A black mamba (Lair:6)
  A faun (Shoals:4)
  2 merfolk sirens (Shoals:4)
  2 guardian serpents (Snake:4)
  2 naga magi (Snake:4)
  An elephant (Lair:6)
  A vault sentinel (Vaults:1)
  A spiny frog (Lair:6)
  A rime drake (Lair:2)
  A queen bee (Lair:2)
  A troll (Orc:1)
  2 nagas
  A water moccasin (Snake:1)
  An orc warrior (Orc:1)
  An ogre (Vaults:1)
  12 killer bees (Lair:2)
  3 adders
  A ball python (Snake:1)
56 creatures vanquished.

Vanquished Creatures (others)
  A fire giant (Vaults:4)
  A merfolk javelineer (Shoals:4)
  A merfolk aquamancer (Shoals:4)
  A spiny frog (Lair:6)
  A hippogriff (Shoals:1)
  An orc wizard (Vaults:1)
  A gnoll (D:7)
  An adder (Snake:1)
  A leopard gecko (D:7)
  A jackal (D:7)
  A quokka (D:8)
  A bush (Lair:2)
  4 fungi
  64 plants
  18 tentacles (Shoals:4)
98 creatures vanquished.

Grand Total: 1723 creatures vanquished

Notes
Turn   | Place    | Note
-------+----------+-------------------------------------------
     0 | D:1      | Hailrake the Minotaur Berserker began the quest for the Orb.
     0 | D:1      | Reached XP level 1. HP: 19/19 MP: 0/0
   292 | D:1      | Reached XP level 2. HP: 27/27 MP: 1/1
   791 | D:1      | Reached skill level 1 in Shields
   985 | D:1      | Reached XP level 3. HP: 32/33 MP: 2/2
  1045 | D:2      | Reached ** piety under Trog
  1232 | D:2      | Found a shattered altar of Ashenzari.
  1406 | D:2      | Reached XP level 4. HP: 41/41 MP: 3/3
  1755 | D:3      | Noticed Terence
  1762 | D:3      | Killed Terence
  1843 | D:3      | Found a faded altar of an unknown god.
  1871 | D:3      | Reached XP level 5. HP: 47/47 MP: 4/4
  2291 | D:3      | Reached *** piety under Trog
  2945 | D:4      | Reached skill level 5 in Fighting
  2945 | D:4      | Reached skill level 5 in Maces & Flails
  3017 | D:4      | Reached XP level 6. HP: 54/56 MP: 5/5
  3024 | D:4      | Found Plog's Food Shop.
  3036 | D:4      | Bought a meat ration for 70 gold pieces
  3036 | D:4      | Bought 2 fruits for 42 gold pieces
  3036 | D:4      | Bought a meat ration for 70 gold pieces
  3097 | D:4      | Noticed Ijyb
  3111 | D:4      | Killed Ijyb
  3920 | D:5      | Entered Level 5 of the Dungeon
  4052 | D:5      | Noticed Menkaure
  4056 | D:5      | Killed Menkaure
  4056 | D:5      | Reached skill level 5 in Armour
  4056 | D:5      | Reached XP level 7. HP: 62/62 MP: 6/6
  4435 | D:5      | Noticed Grinder
  4453 | D:5      | Killed Grinder
  4453 | D:5      | Reached **** piety under Trog
  4453 | D:5      | Reached skill level 5 in Shields
  4591 | D:5      | Reached XP level 8. HP: 71/71 MP: 7/7
  4593 | D:5      | Received a gift from Trog
  5045 | D:6      | Found a blossoming altar of Fedhas.
  6021 | D:7      | Found a staircase to the Ecumenical Temple.
  6091 | D:7      | Reached XP level 9. HP: 81/81 MP: 8/8
  6207 | D:7      | Found a shimmering altar of Xom.
  6669 | D:7      | Found an opulent altar of Gozag.
  6669 | D:7      | Found a radiant altar of Vehumet.
  6858 | D:8      | Reached ***** piety under Trog
  7178 | D:8      | Found an ancient bone altar of Kikubaaqudgha.
  7881 | D:9      | Noticed a troll
  7882 | D:9      | Noticed mopl's ghost (novice DEFE)
  7892 | D:9      | Killed a troll
  7899 | D:9      | Killed mopl's ghost
  7899 | D:9      | Reached XP level 10. HP: 69/91 MP: 9/9
  8227 | D:9      | Noticed Joseph
  8237 | D:9      | Killed Joseph
  8291 | D:9      | Found a bloodstained altar of Trog.
  8304 | D:9      | Noticed Grum
  8322 | D:9      | Killed Grum
  8333 | D:9      | Found a hide-covered altar of Uskayaw.
  8347 | D:9      | Reached skill level 10 in Fighting
  8355 | D:9      | Reached skill level 10 in Maces & Flails
  8573 | D:9      | Received a gift from Trog
  8751 | D:9      | Found a sacrificial altar of Ru.
  8917 | D:10     | Entered Level 10 of the Dungeon
  8968 | D:10     | Noticed a two-headed ogre
  8975 | D:10     | Killed a two-headed ogre
  8975 | D:10     | Reached skill level 10 in Armour
  9071 | D:10     | Noticed a death yak
  9073 | D:10     | Found a staircase to the Lair.
  9082 | D:10     | Killed a death yak
  9082 | D:10     | Reached skill level 10 in Shields
  9310 | D:10     | Noticed a death yak
  9312 | D:10     | Noticed a death yak
  9312 | D:10     | Noticed a death yak
  9312 | D:10     | Noticed a death yak
  9324 | D:10     | Killed a death yak
  9324 | D:10     | Reached XP level 11. HP: 101/101 MP: 10/10
  9326 | D:10     | Killed a death yak
  9330 | D:10     | Killed a death yak
  9335 | D:10     | Killed a death yak
  9452 | D:10     | Noticed Nergalle
  9465 | D:10     | Killed Nergalle
  9554 | D:10     | Noticed Erica
  9562 | D:10     | Killed Erica
  9680 | D:10     | Found a sparkling altar of Nemelex Xobeh.
  9891 | D:10     | Found a deep blue altar of Sif Muna.
  9894 | D:10     | Found a basalt altar of Yredelemnul.
  9895 | D:10     | Found a runed door.
  9945 | D:10     | Found a blossoming altar of Fedhas.
  9956 | D:10     | Found a radiant altar of Vehumet.
  9968 | D:10     | Found a white marble altar of Elyvilon.
 10364 | D:10     | Found a stormy altar of Qazlal.
 10853 | D:10     | Noticed a flayed ghost
 10862 | D:10     | Killed a flayed ghost
 10862 | D:10     | Received a gift from Trog
 11093 | D:11     | Found a staircase to the Orcish Mines.
 11114 | D:11     | Noticed Sonja
 11404 | D:11     | Found a white marble altar of Elyvilon.
 11616 | D:11     | Reached XP level 12. HP: 112/112 MP: 11/11
 11689 | D:11     | Noticed a six-headed hydra
 11700 | D:11     | Killed a six-headed hydra
 12340 | Orc:1    | Entered Level 1 of the Orcish Mines
 12345 | Orc:1    | Noticed DogShitOnMyToe's ghost (journeyman DEWz)
 12353 | Orc:1    | Killed DogShitOnMyToe's ghost
 12571 | Orc:2    | Entered Level 2 of the Orcish Mines
 12632 | Orc:2    | Found a staircase to the Elven Halls.
 12684 | Orc:2    | Noticed an ogre mage
 12689 | Orc:2    | Noticed a two-headed ogre
 12692 | Orc:2    | Noticed a two-headed ogre
 12701 | Orc:2    | Killed a two-headed ogre
 12706 | Orc:2    | Killed a two-headed ogre
 12711 | Orc:2    | Noticed an ogre mage
 12715 | Orc:2    | Noticed a two-headed ogre
 12755 | Orc:2    | Noticed a two-headed ogre
 12757 | Orc:2    | Noticed a two-headed ogre
 12768 | Orc:2    | Killed a two-headed ogre
 12772 | Orc:2    | Killed a two-headed ogre
 12778 | Orc:2    | Killed an ogre mage
 12796 | Orc:2    | Noticed a two-headed ogre
 12962 | Orc:2    | Killed an ogre mage
 12964 | Orc:2    | Noticed a two-headed ogre
 12973 | Orc:2    | Noticed a two-headed ogre
 12974 | Orc:2    | Killed a two-headed ogre
 12981 | Orc:2    | Killed a two-headed ogre
 12985 | Orc:2    | Reached XP level 13. HP: 113/122 MP: 12/12
 13318 | Orc:2    | Found Venaume's Magic Scroll Shop.
 13318 | Orc:2    | Found Ismued's Antique Armour Shoppe.
 13319 | Orc:2    | Found Xutuam's General Store.
 13319 | Orc:2    | Found Heikeh's Weapon Shop.
 13336 | Orc:2    | Bought a royal jelly for 28 gold pieces
 13336 | Orc:2    | Bought a scroll of enchant armour for 105 gold pieces
 13336 | Orc:2    | Bought a scroll of enchant armour for 105 gold pieces
 13336 | Orc:2    | Bought a royal jelly for 28 gold pieces
 13339 | Orc:2    | Bought a scroll of identify for 28 gold pieces
 13339 | Orc:2    | Bought a scroll of enchant armour for 105 gold pieces
 13339 | Orc:2    | Bought a scroll of identify for 28 gold pieces
 13339 | Orc:2    | Bought a scroll of identify for 28 gold pieces
 13339 | Orc:2    | Bought a scroll of recharging for 133 gold pieces
 13339 | Orc:2    | Bought a scroll of enchant armour for 105 gold pieces
 14132 | Lair:1   | Entered Level 1 of the Lair of Beasts
 16616 | Lair:3   | Reached ****** piety under Trog
 16730 | Lair:3   | Reached XP level 14. HP: 133/133 MP: 13/13
 17117 | Lair:3   | Found a staircase to the Snake Pit.
 17764 | Lair:3   | Noticed Fannar
 17771 | Lair:3   | Killed Fannar
 18021 | Lair:4   | Noticed Snorg
 18022 | Lair:4   | Noticed Harold
 18029 | Lair:4   | Killed Snorg
 18032 | Lair:4   | Killed Harold
 18084 | Lair:4   | Reached skill level 15 in Fighting
 18110 | Lair:4   | Reached skill level 15 in Maces & Flails
 18115 | Lair:4   | Reached skill level 15 in Armour
 18154 | Lair:4   | Found a staircase to the Shoals.
 18645 | Lair:5   | Found a frozen archway.
 18882 | Lair:5   | Received a gift from Trog
 18896 | Lair:5   | Reached skill level 15 in Shields
 19076 | Lair:5   | Noticed Nessos
 19083 | Lair:5   | Killed Nessos
 19407 | Lair:6   | Entered Level 6 of the Lair of Beasts
 19442 | Lair:6   | Found a staircase to the Slime Pits.
 20529 | Lair:6   | Reached XP level 15. HP: 143/143 MP: 14/14
 22142 | D:12     | Found Jyumyqadgh's Food Boutique.
 22153 | D:12     | Bought a bread ration for 55 gold pieces
 22153 | D:12     | Bought a meat ration for 55 gold pieces
 22153 | D:12     | Bought a meat ration for 55 gold pieces
 22153 | D:12     | Bought a meat ration for 55 gold pieces
 22153 | D:12     | Bought a bread ration for 55 gold pieces
 22379 | D:13     | Received a gift from Trog
 22403 | D:13     | Found a gate to the Vaults.
 22533 | D:13     | Noticed Rupert
 22544 | D:13     | Killed Rupert
 22622 | D:13     | Found a hazy altar of Hepliaklqana.
 23929 | D:15     | Entered Level 15 of the Dungeon
 24025 | D:15     | Received a gift from Trog
 24481 | D:15     | Reached XP level 16. HP: 154/154 MP: 15/15
 24752 | D:15     | Found a staircase to the Depths.
 25527 | Snake:1  | Entered Level 1 of the Snake Pit
 25800 | Snake:1  | Received a gift from Trog
 27189 | Snake:2  | Found Ifful's Armour Boutique.
 27193 | Snake:2  | Found Onocunuo's Jewellery Boutique.
 27241 | Snake:2  | Bought an uncursed ring of poison resistance for 240 gold pieces
 27241 | Snake:2  | Bought an uncursed ring of protection from cold for 300 gold pieces
 27280 | Snake:2  | Found a bloodstained altar of Trog.
 27321 | Snake:2  | Found Wussuf's Antique Armour Emporium.
 27349 | Snake:2  | Bought a runed cloak for 292 gold pieces
 28197 | Snake:3  | Noticed Aizul
 28219 | Snake:3  | Killed Aizul
 28624 | Snake:3  | Found Modo's Antique Armour Boutique.
 28638 | Snake:3  | Bought a pair of scorched boots for 247 gold pieces
 28648 | Snake:3  | Identified the +0 pair of boots of Cloud Cover {rPois Int+2} (You bought it in a shop on level 3 of the Snake Pit)
 28908 | Snake:3  | Reached XP level 17. HP: 143/163 MP: 14/16
 29268 | Snake:4  | Entered Level 4 of the Snake Pit
 29746 | Snake:4  | Got a pitted platinum ring
 30050 | Snake:4  | Found an ancient bone altar of Kikubaaqudgha.
 30398 | Snake:4  | Received a gift from Trog
 30414 | Snake:4  | Identified the ring "Waqa" {rPois rF+ rC+ Dex+4} (You found it on level 4 of the Snake Pit)
 30664 | Snake:4  | HP: 8/166 [anaconda (1)]
 31892 | Snake:4  | Got a serpentine rune of Zot
 32083 | Snake:2  | Reached XP level 18. HP: 176/176 MP: 17/17
 32190 | Shoals:1 | Entered Level 1 of the Shoals
 32495 | Shoals:1 | Found Fefa's Jewellery Emporium.
 32591 | Shoals:1 | Noticed Louise
 32612 | Shoals:1 | Killed Louise
 32793 | Shoals:1 | Received a gift from Trog
 32898 | Shoals:2 | Noticed Frances
 32913 | Shoals:2 | Killed Frances
 33757 | Shoals:2 | Noticed Donald
 33927 | Shoals:2 | Found Zuaty's Antique Weapon Boutique.
 34577 | Shoals:3 | Found a flickering gateway to a bazaar.
 34633 | Bazaar   | Entered a bazaar
 34633 | Bazaar   | Found Saabir's Gadget Boutique.
 34633 | Bazaar   | Found Feuleneq's Food Boutique.
 34648 | Bazaar   | Bought a wand of digging (12/24) for 352 gold pieces
 34678 | Bazaar   | Bought a bread ration for 45 gold pieces
 34678 | Bazaar   | Bought a royal jelly for 18 gold pieces
 34678 | Bazaar   | Bought a meat ration for 45 gold pieces
 34678 | Bazaar   | Bought a bread ration for 45 gold pieces
 34678 | Bazaar   | Bought a royal jelly for 18 gold pieces
 34698 | Bazaar   | Found Yfined's Weapon Boutique.
 34765 | Shoals:4 | Entered Level 4 of the Shoals
 34784 | Shoals:4 | Received a gift from Trog
 35639 | Shoals:4 | Noticed Jorgrun
 35647 | Shoals:4 | Noticed Ilsuiw
 35656 | Shoals:4 | Killed Ilsuiw
 35659 | Shoals:4 | Received a gift from Trog
 35663 | Shoals:4 | Killed Jorgrun
 35732 | Shoals:4 | Noticed Bai Suzhen
 36205 | Shoals:4 | Got a barnacled rune of Zot
 36312 | Shoals:4 | Killed Bai Suzhen
 36349 | Shoals:4 | Reached XP level 19. HP: 108/184 MP: 13/18
 36811 | Elf:1    | Entered Level 1 of the Elven Halls
 36946 | Vaults:1 | Entered Level 1 of the Vaults
 38697 | Vaults:1 | Received a gift from Trog
 39091 | Vaults:1 | Got an encrusted flail {god gift}
 39092 | Vaults:1 | Identified the +10 flail of the Wilderness {crush, rElec} (Trog gifted it to you on level 1 of the Vaults)
 39289 | Vaults:1 | Got a crude mace {freeze}
 39289 | Vaults:1 | Got a scorched ivory ring
 39294 | Vaults:1 | Identified the cursed +2 mace of Ryuh {freeze, Stlth+} (You took it off an ogre mage on level 1 of the Vaults)
 39299 | Vaults:1 | Identified the ring of Nuhoi {rC+ AC+1} (You took it off an ogre mage on level 1 of the Vaults)
 39810 | Vaults:2 | Received a gift from Trog
 40309 | Vaults:2 | Found Masumy's Armour Emporium.
 40333 | Vaults:2 | Bought the +7 plate armour of Huyzufri {Str+3} for 926 gold pieces
 40497 | Vaults:2 | Reached XP level 20. HP: 195/195 MP: 17/19
 40606 | Vaults:2 | Paralysed by an ogre mage for 2 turns
 40728 | Vaults:2 | Received a gift from Trog
 41227 | Vaults:2 | Found a staircase to the Crypt.
 41694 | Vaults:3 | Received a gift from Trog
 41764 | Vaults:3 | Found Bupiosos's Book Shoppe.
 42052 | Vaults:3 | Found a blossoming altar of Fedhas.
 42194 | Vaults:3 | Noticed Margery
 42206 | Vaults:3 | Killed Margery
 42820 | Vaults:4 | Received a gift from Trog
 44146 | Vaults:4 | Found Joag's Gadget Shoppe.
 44214 | Vaults:4 | Reached XP level 21. HP: 206/206 MP: 20/20
 44492 | Vaults:4 | Received a gift from Trog
 45468 | Vaults:5 | Entered Level 5 of the Vaults
 45501 | Vaults:5 | Received a gift from Trog
 45725 | Vaults:4 | Paralysed by a sphinx for 6 turns
 45729 | Vaults:4 | HP: 9/209 [entropy weaver (6)]
 45730 | Vaults:4 | HP: 1/209 [sphinx (8)]
 45730 | Vaults:4 | Slain by a sphinx

Skill      XL: |  1  2  3  4  5  6  7  8  9 10 11 12 13 14 15 16 17 18 19 20 21 |
---------------+----------------------------------------------------------------+-----
Fighting       | 4 5 6 7 9 10 12 13 14 15 16 17 19 20 21 22 | 22.3
Maces & Flails | 4 5 6 8 9 10 12 13 14 15 16 17 18 19 20 21 22 | 22.1
Shields        | 1 2 3 4 5 6 8 10 11 12 14 15 16 17 18 19 20 21 22 | 22.1
Armour         | 3 4 5 7 9 10 11 13 14 15 16 17 18 19 20 21 22 | 22.3
Dodging        | |  2.3

Action                   |  1- 3 |  4- 6 |  7- 9 | 10-12 | 13-15 | 16-18 | 19-21 || total
-------------------------+-------+-------+-------+-------+-------+-------+-------++-------
Melee: Mace              |    79 |    29 |       |       |       |       |       ||   108
       Headbutt          |     4 |    25 |    46 |   132 |   384 |   466 |   581 ||  1638
       Flail             |       |    92 |   228 |    82 |       |       |  1279 ||  1681
       Morningstar       |       |       |       |   469 |  1468 |  1087 |       ||  3024
       Eveningstar       |       |       |       |       |       |   698 |   412 ||  1110
       Demon whip        |       |       |       |       |       |       |     3 ||     3
Invok: Berserk           |     1 |     4 |     9 |    17 |    27 |    20 |    20 ||    98
       Burn Spellbooks   |       |     1 |     4 |       |     6 |     2 |     1 ||    14
       Trog's Hand       |       |       |       |     8 |     7 |    12 |    10 ||    37
       Brothers in Arms  |       |       |       |     3 |     5 |     8 |    11 ||    27
Evoke: Wand              |       |       |       |       |       |       |     1 ||     1
  Use: Scroll            |       |     7 |    10 |     8 |    21 |    16 |     9 ||    71
       Potion            |       |       |       |     8 |     3 |    10 |    16 ||    37
 Stab: Paralysed         |       |       |       |     1 |       |       |       ||     1
       Petrified         |       |       |       |       |     5 |       |       ||     5
  Eat: Royal jelly       |     2 |     2 |       |     3 |     8 |     8 |     6 ||    29
       Fruit             |       |     1 |     7 |     8 |     4 |     8 |     5 ||    33
       Meat ration       |       |     1 |       |     1 |     4 |     6 |     5 ||    17
       Bread ration      |       |     2 |     2 |     5 |     8 |     4 |     5 ||    26
Armor: Ring mail         |    23 |    11 |       |       |       |       |       ||    34
       Animal skin       |     1 |       |       |       |       |       |       ||     1
       Scale mail        |       |    23 |    52 |       |       |       |       ||    75
       Fire dragon scale |       |       |    13 |    63 |       |       |       ||    76
       Gold dragon scale |       |       |       |   180 |   607 |   641 |   596 ||  2024
Dodge: Dodged            |    40 |    87 |   141 |   205 |   287 |   378 |   409 ||  1547
Block: Buckler           |     8 |    14 |    57 |    56 |       |       |       ||   135
       Large shield      |       |       |       |   367 |  1535 |  2391 |  2119 ||  6412
